 Dungeon Crawl Stone Soup version 0.17-a0-1951-g62301d3 (webtiles) character file.

98 graki42 the Sneak (level 4, -6/29 HPs)
             Began as an Octopode Assassin on Oct 2, 2015.
             Was an Initiate of Okawaru.
             Mangled by an orc priest
             ... wielding a +0 falchion
              (8 damage)
             ... on level 3 of the Dungeon.
             The game lasted 00:06:25 (2668 turns).

graki42 the Sneak (Octopode Assassin)               Turns: 2668, Time: 00:06:25

Health: -6/29      AC:  2    Str: 10    XL:     4   Next: 71%
Magic:  4/4        EV: 12    Int: 13    God:    Okawaru [......]
Gold:   127        SH:  0    Dex: 14    Spells: 0 memorised, 3 levels left

rFire  . . .     SeeInvis .     a - +3 dagger
rCold  . . .     Clarity  .     (no shield)
rNeg   . . .     SustAt   .     i - +1 hat
rPois  .         Gourm    .     (no amulet)
rElec  .         Spirit   .     (no ring)
rCorr  .         Warding  .     (no ring)
rMut   .         Stasis   .     (no ring)
MR     .....                    (no ring)
Stlth  +++++.....               (no ring)
                                (no ring)
                                (no ring)
                                (no ring)

@: not resistant to hostile enchantments, quite stealthy
A: almost no armour, amphibious, 8 rings, constrict 8, camouflage 1, gelatinous
body 1
a: Renounce Religion


You were on level 3 of the Dungeon.
You worshipped Okawaru.
Okawaru was noncommittal.
You were not hungry.

You visited 1 branch of the dungeon, and saw 3 of its levels.

You collected 127 gold pieces.

Inventory:

Hand weapons
 a - a +3 dagger (weapon)
 b - a +0 blowgun
Missiles
 c - 8 poisoned needles
 d - 2 curare-tipped needles
Armour
 i - a +1 hat (worn)
Jewellery
 p - an uncursed amulet of resist corrosion {unknown}
Scrolls
 g - 2 scrolls of identify {unknown}
 m - 2 scrolls of enchant weapon
 n - a scroll of immolation {unknown}
 q - a scroll of random uselessness {unknown}
 s - a scroll of fog {unknown}
 v - a scroll of magic mapping {unknown}
Potions
 h - a potion of haste {unknown}
 j - a potion of brilliance {unknown}
 k - 2 potions of flight {unknown}
 r - a potion of curing {unknown}
 t - 2 potions of heal wounds {unknown}
 u - a potion of cancellation {unknown}
 x - 2 potions of berserk rage {unknown}
Comestibles
 e - 3 bread rations
 f - a royal jelly
 l - 2 meat rations
 o - a beef jerky


   Skills:
 + Level 2.2 Fighting
 + Level 2.2 Short Blades
 + Level 2.2 Throwing
 + Level 1.5 Dodging
 + Level 7.5 Stealth


You had 3 spell levels left.
You didn't know any spells.

Dungeon Overview and Level Annotations

Branches:
Dungeon (3/15)

Altars:
Makhleb
Nemelex Xobeh
Okawaru
Sif Muna


Innate Abilities, Weirdness & Mutations

You cannot wear most types of armour.
You are amphibious.
You can wear up to eight rings at the same time.
You can use your tentacles to constrict eight enemies at once.
Your skin changes colour to match your surroundings (Stealth).
Your rubbery body absorbs attacks (AC +1).


Message History

The jackal closely misses you.
Unknown command.
You see here a dagger.
The jackal barely misses you.
You hit the jackal. You grab the jackal.
The jackal is severely wounded.
You constrict the jackal.
You kill the jackal!
Okawaru accepts your kill.
Read which item? (? for menu, Esc to quit)
As you read the scroll labeled TUDESO DEABAW, it crumbles to dust.
It is a scroll of enchant weapon.
Enchant which weapon? (? for menu, Esc to quit)
Your +2 dagger glows red for a moment.
You see here a jackal corpse.
You hit the orc priest. Your grab misses the orc priest.
You squeeze the orc priest, but do no damage.
The orc priest is heavily wounded.
The orc priest hits you with a falchion!
You die...

..# #.....# #.##.# #.#.# ###
##.###########..#.####.#.#
#........................
#.######.......#.####.#.# #.#
#.........# #.#.# ###
#.........# #.#.# #########
#.........# #.#.. #.......#
#.........####.#..
#.......#######@......#.#.......
..%.........o.oo................
#.......################........
h........ .......<##.###.#..
########## ##########..##.#..
##.##.#.. #..#.#.. ##.#....
#.##..#


You could see an orc priest, an orc wizard and an orc.

Vanquished Creatures
  An orc priest (D:3)
  An adder (D:3)
  An ooze (D:2)
  2 worms
  4 giant geckos
  4 orcs (D:3)
  2 goblins
  3 hobgoblins
  4 kobolds
  A quokka (D:2)
  7 bats
  2 giant cockroaches
  4 giant newts
  5 jackals
  5 rats
46 creatures vanquished.

Notes
Turn   | Place    | Note
--------------------------------------------------------------
     0 | D:1      | graki42 the Octopode Assassin began the quest for the Orb.
     0 | D:1      | Reached XP level 1. HP: 14/14 MP: 1/1
   501 | D:1      | Reached XP level 2. HP: 19/19 MP: 2/2
  1124 | D:1      | Reached skill level 6 in Stealth
  1445 | D:2      | Reached XP level 3. HP: 24/24 MP: 3/3
  1475 | D:2      | Found a deep blue altar of Sif Muna.
  1476 | D:2      | Found a burning altar of Makhleb.
  1585 | D:2      | Found an iron altar of Okawaru.
  1761 | D:2      | Became a worshipper of Warmaster Okawaru
  1980 | D:3      | Found a sparkling altar of Nemelex Xobeh.
  2193 | D:3      | Reached XP level 4. HP: 29/29 MP: 4/4
  2240 | D:3      | Reached skill level 7 in Stealth
  2668 | D:3      | Mangled by an orc priest

Vault maps used:
D:1:      dpeg_chamrin_arrival_tetris, nrook_loot_triangle
D:2:      grunt_temple_overflow_open, okawaru_metal_pillars_1_2
D:3:      cheibriados_altar_1, nemelex_xobeh_ov_fountains_minmay, first_bread

Action                   |  1- 3 |  4- 6 || total
-------------------------+-------+-------++-------
Melee: Dagger            |    52 |    16 ||    68
  Use: Scroll            |       |     1 ||     1
 Stab: Sleeping          |    23 |       ||    23
  Eat: Chunk             |     3 |     2 ||     5
